 Zot Defence DCSS version 0.16-a0-3832-g18ec49b (webtiles) character file.

338 Gronka the Skirmisher (level 6, -2/32 (56) HPs)
             Began as a Minotaur Fighter on Jan 29, 2015.
             Slain by a goliath beetle (13 damage)
             ... in the Realm of Zot (Scenario I: Hall of Zot).
             The game lasted 00:06:58 (653 turns).

Gronka the Skirmisher (Minotaur Fighter)             Turns: 653, Time: 00:07:01

HP:   -2/32 (56)    AC:  7    Str: 22    XL:     6   Next: 29%
MP:   3/3           EV:  8    Int:  5    God:
Gold: 0             SH: 10    Dex: 10    Spells: 0 memorised, 5 levels left

rFire  . . .     SeeInvis .     a - +0 war axe
rCold  . . .     Clarity  .     b - +0 scale mail
rNeg   . . .     SustAb   .     c - +0 shield
rPois  .         Gourm    .     (helmet restricted)
rElec  .         Spirit   .     (no cloak)
rCorr  .         Warding  .     (no gloves)
rMut   .         Stasis   .     (no boots)
MR     .....                    (no amulet)
Stlth  ..........               (no ring)
                                (no ring)

@: not resistant to hostile enchantments, extremely unstealthy
A: retaliatory headbutt, horns 2
a: Make oklob sapling, Make arrow trap, Make plant, Remove Curse, Make burning
bush, Make altar, Make grenades


You were in the Realm of Zot.
You were not hungry.

You visited 1 branch

Inventory:

Hand weapons
 a - a +0 war axe (weapon)
Armour
 b - a +0 scale mail (worn)
 c - a +0 shield (worn)
Scrolls
 k - a scroll of blinking
Potions
 d - 3 potions of curing
 e - a potion of might
 g - a potion of heal wounds
 h - a potion of haste
 i - 2 potions of magic
 j - a potion of berserk rage
Comestibles
 f - a bread ration


   Skills:
 + Level 5.3 Fighting
 + Level 4.3 Axes
 + Level 5.2 Armour
 + Level 1.3 Dodging
 + Level 5.0 Shields


You had 5 spell levels left.
You didn't know any spells.

Dungeon Overview and Level Annotations

Branches:
    Zot (1/1)

Altars:


Innate Abilities, Weirdness & Mutations

You reflexively headbutt those who attack you in melee.
You have a pair of horns on your head.


Message History

The puff of flame hits Gaduaq.
The goliath beetle bites you!!
Ouch! That really hurt!
You hit the goliath beetle.
The goliath beetle is lightly wounded.
You hit the kobold but do no damage.
Gaduaq hits your burning bush with a long sword!
Your burning bush is destroyed!
You block the kobold's attack. The kobold hits you but does no damage.
You block the goliath beetle's attack.
You hit the goliath beetle but do no damage.
The goliath beetle is lightly wounded.
You hit the kobold.
The kobold is moderately wounded.
You block the kobold's attack.
You hit the goliath beetle but do no damage.
The goliath beetle is lightly wounded.
You barely miss the kobold.
The kobold is moderately wounded.
The kobold closely misses you. The goliath beetle bites you!
You die...

######### ######### ....####
####.... .......### ###.......
.........## ##.........
..........# ▓▓▓▓▓▓▓▓▓ #..........
..........▓▓▓.......▓▓▓..........
..........▓▓.........▓▓..........
..........▓)...K......▓).........
..........†)..(B@)..z..÷.........
..........▓..†.)..(...▓..........
..........▓▓.........▓▓..........
..........▓▓▓.......▓▓▓..........
..........▓ ▓▓▓▓▓▓▓▓▓ ▓..........
.........▓▓ ▓▓.........
.......▓▓▓ ▓▓▓....... ....▓▓▓▓
▓▓▓▓.... ▓▓▓▓▓▓▓▓ ▓▓▓▓▓▓▓▓


You could see a goliath beetle, Gaduaq the wight and a kobold.

Vanquished Creatures
  A big kobold (Zot)
  A worm (Zot)
  3 oozes (Zot)
  2 giant cockroaches (Zot)
  A jackal (Zot)
  4 kobolds (Zot)
  10 ball pythons (Zot)
  4 bats (Zot)
  A giant newt (Zot)
  6 goblins (Zot)
  11 rats (Zot)
44 creatures vanquished.

Vanquished Creatures (collateral kills)
  A worker ant (Zot)
  An ooze (Zot)
  4 ball pythons (Zot)
  6 goblins (Zot)
  A jackal (Zot)
  5 kobolds (Zot)
  2 bats (Zot)
  A giant newt (Zot)
  A rat (Zot)
22 creatures vanquished.

Vanquished Creatures (others)
  A burning bush (Zot)
  A plant (Zot)
2 creatures vanquished.

Grand Total: 68 creatures vanquished

Notes
Turn   | Place    | Note
--------------------------------------------------------------
     0 | Zot      | Gronka, the Minotaur Fighter, began the quest for the Orb.
     0 | Zot      | Reached XP level 1. HP: 19/19 MP: 1/1
   195 | Zot      | Reached XP level 2. HP: 25/27 MP: 1/1
   198 | Zot      | Reached skill level 4 in Fighting
   215 | Zot      | Reached XP level 3. HP: 33/33 MP: 2/2
   336 | Zot      | Noticed Tipn
   361 | Zot      | Killed Tipn the big kobold
   361 | Zot      | Reached skill level 5 in Fighting
   361 | Zot      | Reached XP level 4. HP: 16/42 MP: 2/2
   361 | Zot      | Reached XP level 5. HP: 18/48 MP: 2/2
   459 | Zot      | Reached skill level 5 in Armour
   461 | Zot      | Reached skill level 1 in Dodging
   533 | Zot      | Reached XP level 6. HP: 29/32 MP: 3/3
   541 | Zot      | Reached skill level 5 in Shields
   653 | Zot      | Slain by a goliath beetle

Action                   |  1- 3 |  4- 6 || total
-------------------------+-------+-------++-------
Melee: War axe           |    64 |    35 ||    99
 Abil: Make plant        |       |     1 ||     1
       Make burning bush |       |     1 ||     1
